 Dungeon Crawl Stone Soup version 0.18-a0-1267-gff090c1 (webtiles) character file.

910 Lathuz the Basher (level 7, 0/57 HPs)
             Began as a Minotaur Fighter on Feb 6, 2016.
             Was a Follower of Okawaru.
             Slain by Lathuz's ghost (17 damage)
             ... on level 6 of the Dungeon.
             The game lasted 00:08:18 (3709 turns).

Lathuz the Basher (Minotaur Fighter)                Turns: 3709, Time: 00:08:19

Health: 0/57       AC: 11    Str: 21    XL:     7   Next: 81%
Magic:  6/6        EV:  9    Int:  5    God:    Okawaru [*.....]
Gold:   259        SH: 11    Dex: 11    Spells: 0 memorised, 6 levels left

rFire  . . .     SeeInvis .     a - +0 flail
rCold  . . .     Gourm    .     x - +5 ring mail of Atheism {Slay+2}
rNeg   + . .     Faith    .     c - +0 shield
rPois  +         Spirit   .     (helmet restricted)
rElec  .         Dismiss  .     q - +0 cloak
rCorr  .         Reflect  .     (no gloves)
SustAt .         Harm     .     (no boots)
MR     .....                    (no amulet)
Stlth  +.........               o - ring of positive energy
                                l - ring of poison resistance

@: not resistant to hostile enchantments, very unstealthy
A: retaliatory headbutt, horns 2
a: Heroism, Renounce Religion


You were on level 6 of the Dungeon.
You worshipped Okawaru.
Okawaru was aware of your devotion.
You were not hungry.

You visited 2 branches of the dungeon, and saw 7 of its levels.

You collected 259 gold pieces.

Inventory:

Hand Weapons
 a - a +0 flail (weapon)
Missiles
 i - 130 stones (quivered)
Armour
 b - a +0 scale mail
 c - a +0 shield (worn)
 q - a +0 cloak (worn)
 x - the +5 ring mail of Atheism (worn) {Slay+2}
   (You found it on level 4 of the Dungeon)

   It affects your accuracy and damage with ranged weapons and melee attacks
   (+2).
Jewellery
 l - a ring of poison resistance (left hand)
 o - a ring of positive energy (right hand)
 C - an uncursed amulet of harm {unknown}
Wands
 t - a wand of slowing (26/48)
 y - a wand of slowing (35/48)
Scrolls
 e - 4 scrolls of identify
 k - 2 scrolls of immolation {unknown}
 n - 2 scrolls of teleportation {unknown}
 r - a scroll of enchant armour {unknown}
 u - 2 scrolls of remove curse {unknown}
 A - a scroll of enchant weapon {unknown}
 D - a scroll of blinking {unknown}
 E - a scroll of fog {unknown}
Potions
 d - a potion of might
 g - a potion of agility {unknown}
 h - 2 potions of heal wounds {unknown}
 m - 2 potions of lignification {unknown}
 p - 2 potions of resistance {unknown}
 s - 2 potions of brilliance {unknown}
 w - 3 potions of curing {unknown}
 z - a potion of magic {unknown}
Comestibles
 f - 5 bread rations
 j - a beef jerky
 v - a slice of pizza
 B - 2 meat rations
 F - 5 chunks of flesh


   Skills:
 - Level 3.6 Fighting
 + Level 8.5 Maces & Flails
 - Level 3.6 Armour
 + Level 7.8 Shields


You had 6 spell levels left.
You didn't know any spells.

Dungeon Overview and Level Annotations

Branches:
Dungeon (6/15)             Temple (1/1) D:5

Altars:
Ashenzari
Cheibriados
Dithmenos
Elyvilon
Fedhas
Gozag
Kikubaaqudgha
Okawaru
Pakellas
Qazlal
Sif Muna
Vehumet
Xom
Zin

Shops:
D:5 *

Annotations:
D:6 Lathuz's ghost, novice TrMo


Innate Abilities, Weirdness & Mutations

You reflexively headbutt those who attack you in melee.
You have a pair of horns on your head.


Message History

Lathuz's ghost is severely damaged.
You block Lathuz's ghost's attack.
You sock Lathuz's ghost! You headbutt Lathuz's ghost.
Lathuz's ghost is severely damaged.
Lathuz's ghost hits you.
You hit Lathuz's ghost.
Lathuz's ghost is almost destroyed.
Lathuz's ghost barely misses you. You furiously retaliate!
You headbutt Lathuz's ghost.
You hit Lathuz's ghost but do no damage.
Lathuz's ghost is almost destroyed.
Lathuz's ghost hits you!
You closely miss Lathuz's ghost.
Lathuz's ghost is almost destroyed.
Lathuz's ghost hits you.
* * * LOW HITPOINT WARNING * * *
Your ring mail of Atheism prevents you from hitting Lathuz's ghost.
Lathuz's ghost is almost destroyed.
Lathuz's ghost hits you!
You die...

#.#. ..
#.... ..
#...# ..
.... .# #+##
#.###...
.#...†.
##### .....#
.#.....
##...##
#..##)'.†_..
##.....#
#...@W#
.......#
##.#>.#
##.....#
#....###'#
##...#####
#.........
#.†......#
##(..####
#.#...##.#
#...#
##.#.>.##.#
#...#
........#.#
#...#####
.#..#...#.#
#........


You could see Lathuz's ghost.

Vanquished Creatures
  A sky beast (D:5)
  An ogre (D:5)
  3 centaurs
  Blork the orc (D:4)
  A crimson imp (D:5)
  A hound (D:5)
  A gnoll shaman (D:5)
  An orc wizard (D:4)
  2 hound skeletons (D:4)
  A worker ant zombie (D:5)
  7 gnolls
  11 adders
  5 worms
  3 giant geckos
  8 orcs
  7 bats
  4 giant cockroaches
  8 goblins
  5 hobgoblins
  4 jackals (D:1)
  3 quokkas
  A giant cockroach zombie (D:5)
  3 giant newts
  7 kobolds
  11 rats
100 creatures vanquished.

Notes
Turn   | Place    | Note
--------------------------------------------------------------
     0 | D:1      | Lathuz the Minotaur Fighter began the quest for the Orb.
     0 | D:1      | Reached XP level 1. HP: 19/19 MP: 0/0
   213 | D:1      | Reached XP level 2. HP: 24/26 MP: 1/1
   326 | D:1      | Reached skill level 4 in Maces & Flails
   450 | D:1      | Reached XP level 3. HP: 31/31 MP: 2/2
   731 | D:2      | Reached skill level 5 in Maces & Flails
   893 | D:2      | Reached XP level 4. HP: 35/39 MP: 3/3
  1285 | D:2      | Reached skill level 6 in Maces & Flails
  1513 | D:3      | Reached XP level 5. HP: 45/45 MP: 4/4
  1703 | D:3      | Found a stormy altar of Qazlal.
  1845 | D:4      | Got a heavily runed ring mail
  1846 | D:4      | Identified the +5 ring mail of Atheism {Slay+2} (You found it on level 4 of the Dungeon)
  2147 | D:4      | Reached skill level 5 in Shields
  2153 | D:4      | Noticed Blork the orc
  2163 | D:4      | Killed Blork the orc
  2163 | D:4      | Reached XP level 6. HP: 41/51 MP: 5/5
  2285 | D:4      | Found an opulent altar of Gozag.
  2333 | D:4      | Found a white marble altar of Elyvilon.
  2341 | D:4      | Reached skill level 7 in Maces & Flails
  2461 | D:5      | Entered Level 5 of the Dungeon
  2504 | D:5      | Found Sicom's Superlative Supplies.
  2558 | D:5      | Found a staircase to the Ecumenical Temple.
  2655 | Temple   | Entered the Ecumenical Temple
  2682 | Temple   | Became a worshipper of Warmaster Okawaru
  2858 | D:5      | Found an ancient bone altar of Kikubaaqudgha.
  2859 | D:5      | Noticed a sky beast
  2860 | D:5      | Found a blossoming altar of Fedhas.
  2866 | D:5      | Killed a sky beast
  2866 | D:5      | Reached XP level 7. HP: 57/57 MP: 6/6
  3141 | D:5      | Found a snail-covered altar of Cheibriados.
  3391 | D:5      | Reached skill level 8 in Maces & Flails
  3459 | D:5      | Found a radiant altar of Vehumet.
  3687 | D:6      | Found an oddly glowing altar of Pakellas.
  3688 | D:6      | Noticed Lathuz's ghost (novice TrMo)
  3694 | D:6      | Reached * piety under Okawaru
  3709 | D:6      | Slain by Lathuz's ghost

Vault maps used:
D:1:      dpeg_arrival_concentric_ovals, grunt_decor_one_mirror, minivault_14
D:3:      lemuel_crystal_altar
D:4:      nicolae_overflow_crystal_walls, old_standard_altar, first_bread,
          uniq_blork_the_orc
D:5:      grunt_temple_overflow_growth_and_decay, lemuel_coloured_pillars_altar,
          cheibrodos_worm_habitat, minmay_temple_entry_poolview,
          grunt_ministairs_11, supply_closet_lemuel, nicolae_alphabet_shops
D:6:      nemelex_deck, johnstein_pakellas_death_squad, lightli_temple_of_fire,
          gup_sewer_entry_bubbles
Temple:   circular_temple_6

Action                   |  1- 3 |  4- 6 |  7- 9 || total
-------------------------+-------+-------+-------++-------
Melee: Flail             |    82 |   139 |    84 ||   305
  Use: Scroll            |       |     1 |       ||     1
  Eat: Chunk             |       |     5 |     4 ||     9
